 Dungeon Crawl Stone Soup version 0.23.0 (webtiles) character file.

Game seed: 18376892433875242

559 poirepourri the Cleaver (level 7, -3/61 HPs)
             Began as a Deep Dwarf Fighter on Feb 14, 2019.
             Slain by Duvessa
             ... wielding a +0 short sword
              (6 damage)
             ... on level 4 of the Dungeon.
             The game lasted 00:02:20 (2594 turns).

poirepourri the Cleaver (Deep Dwarf Fighter)        Turns: 2594, Time: 00:02:20

Health: -3/61      AC:  9    Str: 20    XL:     7   Next: 9%
Magic:  4/4        EV:  7    Int:  8    God:
Gold:   267        SH:  9    Dex: 14    Spells: 6/6 levels left

rFire    . . .     SeeInvis .   a - +1 war axe
rCold    . . .     Gourm    .   c - +0 shield
rNeg     . . .     Faith    .   b - +0 scale mail
rPois    .         Spirit   .   (no helmet)
rElec    .         Reflect  .   t - +0 cloak
rCorr    .         Harm     .   d - +0 pair of gloves
MR       +....                  (no boots)
Stlth    ..........             (no amulet)
HPRegen  0.00/turn              (no ring)
MPRegen  0.09/turn              (no ring)

@: non-regenerating
A: damage resistance, heal wounds, sense surroundings 1, no regeneration
a: Heal Wounds


You were on level 4 of the Dungeon.
You were not hungry.

You visited 1 branch of the dungeon, and saw 4 of its levels.

You collected 267 gold pieces.

Inventory:

Hand Weapons
 a - a +1 war axe (weapon)
Armour
 b - a +0 scale mail (worn)
 c - a +0 shield (worn)
 d - a +0 pair of gloves (worn)
 t - a +0 cloak (worn)
Wands
 p - a wand of polymorph (16)
 r - a wand of iceblast (7)
Scrolls
 g - 3 scrolls of teleportation
 m - a scroll of magic mapping
 s - a scroll of remove curse
Potions
 e - a potion of magic
 h - a potion of lignification {unknown}
 i - 2 potions of flight
 n - 2 potions of mutation
Comestibles
 f - 6 rations
 k - 7 chunks of flesh


   Skills:
 - Level 2.6 Fighting
 + Level 8.6 Axes
 - Level 3.2 Armour
 - Level 3.2 Shields


You had 6 spell levels left.
You didn't know any spells.
Your spell library was empty.

Dungeon Overview and Level Annotations

Branches:
Dungeon (4/15)
 Temple: D:4-7

Altars:
Gozag
Yredelemnul

Annotations:
D:4 Duvessa


Innate Abilities, Weirdness & Mutations

You are resistant to damage.
You can heal yourself by infusing magical energy.
You passively map a small area around you.
You do not regenerate.


Message History

Duvessa hits you with a +0 short sword. x2
You hit Duvessa.
Duvessa is severely wounded.
Duvessa hits you with a +0 short sword! You block Duvessa's attack.
You hit Duvessa.
Duvessa is severely wounded.
You block Duvessa's attack.
You closely miss Duvessa.
Duvessa is severely wounded.
You block Duvessa's attack. Duvessa hits you with a +0 short sword.
You hit Duvessa.
Duvessa is almost dead.
Duvessa hits you with a +0 short sword! x2
* * * LOW HITPOINT WARNING * * *
You hit Duvessa.
Duvessa is almost dead.
Duvessa hits you with a +0 short sword!
* * * LOW HITPOINT WARNING * * *
Duvessa hits you with a +0 short sword!
You die...

#.##.# #.# .... .. #.##.#
#.###.#.#####.##
#.##.####..........#...## *
#(##............##......###
..#######.................
### #.###.#.##......# *
##.###.#.##.#...#
#####...##.#.e...).#
,...........#.@#.#.)#
#####...##.........#
#.............#.#.##
#.####............# #.#
############## #.# * *#.# ,
..# ###


You could see Duvessa (berserk).

Vanquished Creatures
  2 ogres (D:4)
  Dowan (D:4)
  A scorpion (D:4)
  A howler monkey (D:4)
  An orc priest (D:4)
  2 hounds (D:4)
  2 orc wizards (D:4)
  3 gnolls (D:4)
  3 adders
  An adder skeleton (D:4)
  3 leopard geckos
  3 orcs
  2 giant cockroaches
  4 goblins
  5 hobgoblins
  4 jackals (D:1)
  A kobold (D:1)
  A quokka (D:2)
  5 bats
  4 frilled lizards
  A jackal skeleton (D:4)
  A quokka skeleton (D:4)
  A rat (D:2)
52 creatures vanquished.

Notes
Turn   | Place    | Note
-------+----------+-------------------------------------------
     0 | D:1      | poirepourri the Deep Dwarf Fighter began the quest for the
                  | Orb.
     0 | D:1      | Reached XP level 1. HP: 20/20 MP: 1/1
    89 | D:1      | Reached skill level 3 in Axes
    89 | D:1      | Reached XP level 2. HP: 25/27 MP: 2/2
   977 | D:2      | Found a basalt altar of Yredelemnul.
  1105 | D:2      | Reached XP level 3. HP: 27/33 MP: 3/3
  1564 | D:3      | Reached skill level 4 in Axes
  1786 | D:3      | Found an opulent altar of Gozag.
  2167 | D:4      | Reached skill level 5 in Axes
  2167 | D:4      | Reached XP level 4. HP: 20/40 MP: 4/4
  2199 | D:4      | Noticed an ogre
  2216 | D:4      | Killed an ogre
  2216 | D:4      | Reached skill level 6 in Axes
  2216 | D:4      | Reached XP level 5. HP: 20/46 MP: 5/5
  2320 | D:4      | Reached skill level 7 in Axes
  2320 | D:4      | Reached XP level 6. HP: 55/55 MP: 5/5
  2353 | D:4      | Reached skill level 8 in Axes
  2557 | D:4      | Noticed Dowan
  2567 | D:4      | Killed Dowan
  2567 | D:4      | Reached XP level 7. HP: 39/61 MP: 5/5
  2576 | D:4      | Noticed Duvessa
  2594 | D:4      | HP: 3/61 [Duvessa/+0 short sword (10)]
  2594 | D:4      | Slain by Duvessa

Skill      XL: |  1  2  3  4  5  6 |
---------------+-------------------+-----
Axes           | 3 5 6 7 8 |  8.6
Fighting       | |  2.6
Armour         | |  3.2
Shields        | |  3.2

Action                   |  1- 3 |  4- 6 |  7- 9 || total
-------------------------+-------+-------+-------++-------
Melee: War axe           |   111 |    62 |    14 ||   187
 Abil: Heal Wounds       |       |     4 |     1 ||     5
  Use: Scroll            |    13 |     1 |       ||    14
       Potion            |       |     4 |     1 ||     5
  Eat: Chunk             |     1 |       |     1 ||     2
       Ration            |     1 |       |       ||     1
Armor: Scale mail        |    57 |    17 |     4 ||    78
Dodge: Dodged            |    36 |    14 |     1 ||    51
Block: Shield            |    57 |    35 |     9 ||   101
